Map: Iron Fortress LE

Players

Pseudorandom - Winner!

Sinistar

  • Race: Zerg Zerg
  • Spawn Location: 7:00

VOD

Have the link to the VOD?

Description

Time

  • Played on: March 31, 2015, 9:59 p.m.
  • Length: 11:22
Show
View Real Time Build Order
Export as new Build Order

Pseudorandom Zerg - Winner!

Build Orders: 2 Base Muta, Pool First 

Get SALT Encoding   

  12  0:01  Drone  
  13  0:08  Drone  
  14  0:16  Extractor  
  13  0:27  Drone  
  14  0:32  Spawning Pool  
  13  0:37  Drone  
  14  0:47  Overlord  
  14  1:05  Drone x3  
  14  1:06  Extractor  
  17  1:16  Overlord  
  17  1:20  Metabolic Boost  
  17  1:28  Zergling x2  
  18  1:35  Queen  
  20  1:41  Drone  
  21  1:50  Drone  
  22  1:59  Drone  
  23  2:11  Drone  
  24  2:18  Hatchery  
  23  2:23  Zergling x2  
  24  2:43  Drone x2  
  24  2:44  Drone x3  
  29  2:47  Zergling x2  
  29  2:49  Lair  
  29  2:50  Extractor  
  29  2:55  Overlord  
  28  3:06  Zergling x2  
  29  3:17  Zergling x2  
  29  3:18  Zergling x6  
  33  3:24  Hatchery  
  32  3:31  Drone  
  33  3:38  Drone x2  
  35  3:41  Drone  
  36  3:48  Spine Crawler  
  36  3:50  Drone  
  36  3:57  Spire  
  36  4:01  Drone x2  
  34  4:15  Drone x3  
  34  4:16  Spine Crawler  
  32  4:21  Drone x2  
  32  4:24  Drone  
  35  4:27  Overlord  
  35  4:36  Zergling x6  
  35  4:37  Zergling x2  
  39  4:40  Drone  
  39  4:42  Drone  
  41  4:53  Drone x3  
  41  4:55  Extractor x2  
  41  4:59  Drone x2  
  44  5:08  Mutalisk x3  
  50  5:14  Zerg Flyer Weapons Level 1  
  50  5:16  Drone x3  
  50  5:18  Mutalisk  
  54  5:24  Drone x2  
  56  5:30  Mutalisk  
  57  5:38  Overlord  
  57  5:40  Drone  
  57  5:55  Overlord  
  57  5:56  Queen  
  59  6:03  Mutalisk x3  
  65  6:13  Zergling x10  
  65  6:15  Hatchery, Mutalisk  
  71  6:21  Mutalisk  
  71  6:23  Zergling x2  
  72  6:48  Mutalisk x2  
  72  6:52  Zergling x6  
  72  6:59  Drone x2  
  72  7:01  Queen  
  72  7:02  Queen  
  72  7:03  Drone x4  
  72  7:05  Overlord x2  
  74  7:12  Overlord  
  74  7:17  Zerg Flyer Weapons Level 2  
  74  7:26  Drone x3  
  74  7:27  Drone x2  
  74  7:28  Drone  
  80  7:34  Drone  
  80  7:35  Drone x2  
  75  7:53  Drone x4  
  79  8:00  Drone x2  
  79  8:04  Mutalisk x4  
  79  8:05  Mutalisk x3  
  91  8:08  Extractor  
  91  8:09  Extractor  
  91  8:15  Mutalisk x2  
  91  8:17  Drone  
  91  8:18  Overlord x2  
  96  8:20  Drone x3  
  96  8:23  Drone x2  
  99  8:30  Mutalisk  
  99  8:32  Drone  
  99  8:33  Drone  
  99  8:39  Mutalisk  
  99  8:40  Drone x2  
  99  8:41  Drone x2  
  103  8:45  Drone x4  
  107  8:49  Mutalisk x2, Spine Crawler  
  110  9:00  Hatchery  
  107  9:05  Mutalisk x3  
  111  9:16  Mutalisk  
  113  9:21  Zergling x2  
  113  9:22  Zergling x12  
  120  9:24  Overlord  
  120  9:25  Overlord x2  
  120  9:41  Drone, Infestation Pit  
  120  9:42  Overlord  
  120  10:03  Mutalisk x6  
  120  10:05  Zergling x2  
  120  10:06  Zergling x24  
  142  10:22  Overlord  
  142  10:23  Overlord x3, Zergling x2  
  142  10:24  Zergling x18  
  147  10:33  Drone x5  
  147  10:34  Drone x3  
  142  10:44  Zergling x2  
  142  10:45  Zergling x10  
Show
View Real Time Build Order
Export as new Build Order

Sinistar Zerg 

Build Orders: Pool First, Roach Hydra, Roach Hydra Ravager 

Get SALT Encoding   

  12  0:01  Drone  
  13  0:11  Drone  
  14  0:17  Overlord  
  14  0:36  Drone, Spawning Pool  
  14  0:40  Extractor  
  13  0:43  Drone  
  13  0:46  Drone  
  15  0:50  Drone  
  16  0:58  Drone  
  17  1:10  Drone  
  18  1:32  Hatchery  
  17  1:33  Queen  
  19  1:44  Drone x2, Extractor  
  21  1:47  Drone  
  21  2:04  Drone  
  21  2:05  Roach Warren  
  21  2:08  Overlord  
  21  2:19  Drone  
  21  2:22  Metabolic Boost  
  22  2:36  Zergling x2  
  23  2:41  Drone  
  23  2:42  Drone  
  25  2:44  Queen  
  27  2:59  Zergling x4  
  27  3:00  Queen  
  30  3:10  Roach x2  
  34  3:12  Overlord  
  34  3:18  Drone  
  35  3:27  Overlord  
  35  3:31  Drone x3  
  38  3:43  Drone x2  
  40  3:55  Lair  
  40  3:56  Drone  
  40  4:00  Roach x3  
  47  4:07  Roach  
  49  4:12  Drone  
  47  4:29  Roach x2  
  51  4:36  Overlord x3  
  51  4:45  Overlord  
  51  4:54  Queen  
  51  4:58  Glial Reconstitution  
  53  5:01  Overseer  
  53  5:02  Roach x2  
  57  5:10  Drone x3  
  60  5:16  Roach x2  
  64  5:23  Queen  
  64  5:27  Roach  
  68  5:36  Drone  
  68  5:37  Drone, Hydralisk Den  
  68  5:38  Drone x2  
  71  5:53  Drone x2  
  71  5:54  Drone x2  
  71  5:56  Extractor  
  74  5:58  Drone x2  
  74  5:59  Evolution Chamber  
  74  6:01  Spine Crawler  
  74  6:11  Queen  
  74  6:12  Spore Crawler  
  74  6:17  Spore Crawler, Drone  
  74  6:18  Drone  
  76  6:25  Ravager  
  76  6:26  Ravager x6  
  76  6:27  Overlord  
  78  6:47  Hydralisk  
  78  6:48  Hydralisk  
  80  6:57  Hydralisk x3  
  60  7:11  Hydralisk  
  60  7:12  Roach x2  
  66  7:16  Drone x5  
  66  7:17  Drone x4  
  66  7:19  Extractor  
  74  7:24  Overlord x2  
  74  7:27  Spore Crawler  
  73  7:33  Roach  
  73  7:38  Overlord x4  
  73  7:50  Hydralisk x2  
  73  7:51  Roach x2  
  75  7:54  Roach x2  
  73  8:01  Roach  
  73  8:05  Hydralisk  
  73  8:06  Roach  
  77  8:13  Drone  
  78  8:23  Hydralisk x2  
  78  8:24  Roach x3  
  85  8:30  Roach  
  83  8:36  Roach  
  83  8:42  Muscular Augments  
  83  8:44  Ravager  
  83  8:47  Drone  
  83  8:48  Drone  
  86  8:52  Drone  
  86  8:54  Overlord x2, Hydralisk x2  
  86  8:55  Roach x3  
  97  9:13  Evolution Chamber  
  97  9:15  Hatchery  
  89  9:18  Hydralisk  
  89  9:19  Hydralisk x2  
  92  9:29  Hydralisk  
  92  9:30  Hydralisk x2  
  93  9:35  Roach  
  90  9:41  Zergling x2  
  90  9:42  Zergling x10  
  95  9:46  Hydralisk  
  97  9:58  Queen  
  93  10:04  Hydralisk  
  93  10:05  Hydralisk x5  
  105  10:12  Hydralisk  
  102  10:21  Hydralisk x4  
  106  10:30  Baneling Nest  
  106  10:33  Hydralisk x2  
  99  10:39  Hydralisk  
  95  10:44  Extractor  
  95  10:46  Drone x2  
  97  10:50  Drone  
  97  10:51  Drone x2, Hydralisk  
  97  10:52  Hydralisk  
  103  11:02  Baneling Nest  
Tags
 
Add a new tag
Caveats
  • Supply blocks, unpowered buildings, or Contaminate may cause inaccurate times.
  • Supply counts are checked every 10 seconds.